 Dungeon Crawl Stone Soup version 0.25-a0-589-g1e14c549ee (webtiles) character file.

Game seed: 484485081684454401, levelgen mode: classic

277452 EnegeticOcto the Eclecticist (level 19, -2/116 HPs)
             Began as a Deep Elf Monk on Mar 6, 2020.
             Was the Champion of Ru.
             Slain by a vault warden
             ... wielding a +1 vorpal halberd
              (10 damage)
             ... on level 2 of the Vaults on Mar 9, 2020.
             The game lasted 02:50:54 (84119 turns).

EnegeticOcto the Eclecticist (Deep Elf Monk)       Turns: 84119, Time: 02:50:55

Health: -2/116     AC: 18    Str: 12    XL:     19   Next: 60%
Magic:  34/40      EV: 18    Int: 17    God:    Ru [******]
Gold:   233        SH:  0    Dex: 20    Spells: 17/48 levels left

rFire    + . .     SeeInvis .   a - +9 rapier (speed)
rCold    + . .     Gourm    .   (shield unavailable)
rNeg     + . .     Faith    .   W - +2 scale mail {rN+}
rPois    .         Spirit   .   E - +0 helmet
rElec    .         Reflect  .   k - scarf {rC+ rF+}
rCorr    .         Harm     .   G - +2 pair of gloves {Dex+3}
MR       +++..     Rnd*Rage +   w - +2 pair of boots {Fly}
Stlth    +.........             n - necklace of Bloodlust {*Rage +Rage MR++ Int-3 Slay+6 *Curse}
HPRegen  0.29/turn              (ring unavailable)
MPRegen  0.27/turn              K - +4 ring of evasion

@: no potions, flying, deflect missiles
A: inability to drink while threatened, missing a hand, inability to use devices
}: 2/15 runes: serpentine, barnacled
a: Draw Out Power, Power Leap, Apocalypse, Renounce Religion


You were on level 2 of the Vaults.
You worshipped Ru.
Ru was exalted by your worship.
You were not hungry.

You visited 7 branches of the dungeon, and saw 36 of its levels.
You visited 1 bazaar.
You also visited: Volcano.

You collected 3242 gold pieces.
You spent 3009 gold pieces at shops.

Inventory:

Hand Weapons
 a - a +9 rapier of speed (weapon)
 O - the +10 falchion "Iwka Qom" {freeze, rN+ MR+ MP+9 Str-5}
   (You found it on level 4 of the Lair of Beasts)

   It has been specially enchanted to freeze those struck by it, causing extra
   injury to most foes and up to half again as much damage against particularly
   susceptible opponents.
   It can also slow down cold-blooded creatures.
   It affects your strength (-5).
   It protects you from negative energy.
   It affects your resistance to hostile enchantments.
   It affects your magic capacity (+9).
Missiles
 j - 51 silver javelins
 C - 45 javelins (quivered)
 I - 5 throwing nets {!f}
Armour
 k - a scarf of resistance (worn)
 w - a +2 pair of boots of flying (worn)
 E - a +0 helmet (worn)
 G - a +2 pair of gloves of dexterity (worn)
 W - a +2 scale mail of positive energy (worn)
Magical Staves
 b - an uncursed staff of air
Jewellery
 d - an uncursed ring of protection from cold
 m - an uncursed ring of magical power
 n - the necklace of Bloodlust (around neck) {*Rage +Rage MR++ Int-3 Slay+6 *Curse}
   (You took it off a merfolk on level 4 of the Shoals)

   [amulet of rage]

   It affects your intelligence (-3).
   It affects your accuracy and damage with ranged weapons and melee attacks
   (+6).
   It affects your resistance to hostile enchantments.
   It lets you go berserk.
   It may make you go berserk in combat.
   It curses itself when equipped.
 p - an uncursed ring of see invisible
 y - the ring of Zawyel {Fire rPois Str+4 Stlth+}
   (You bought it in a shop on level 4 of the Shoals)

   [ring of fire]

   It enhances your fire magic.
   It affects your strength (+4).
   It protects you from fire.
   It makes you vulnerable to cold.
   It protects you from poison.
   It makes you more stealthy.
 B - an uncursed ring of protection from fire
 K - a +4 ring of evasion (right hand)
Scrolls
 c - 17 scrolls of remove curse {@r2}
 h - 6 scrolls of enchant armour
 i - 2 scrolls of blinking {@r4}
 s - a scroll of silence
 u - 14 scrolls of teleportation {@r3 !r}
 x - 2 scrolls of fog {!r}
 H - 3 scrolls of immolation
 N - 2 scrolls of summoning
 S - 3 scrolls of fear {!r}
 T - 3 scrolls of magic mapping {@r5 !r}
 Y - 4 scrolls of vulnerability
Potions
 f - 4 potions of brilliance
 l - a potion of ambrosia
 o - 2 potions of cancellation
 q - 12 potions of stabbing
 r - 4 potions of flight
 t - 4 potions of magic
 v - 7 potions of curing {@q1 !q}
 z - 5 potions of invisibility
 A - 5 potions of heal wounds {@q2 !q}
 D - 7 potions of might {@q3 !q}
 F - 4 potions of mutation
 L - 6 potions of lignification {@q6}
 M - 5 potions of haste {@q4 !q}
 Q - 2 potions of berserk rage
 Z - 3 potions of resistance
Comestibles
 e - 23 rations
 g - 25 chunks of flesh


   Skills:
 + Level 12.2 Fighting
 - Level 14.0 Short Blades
 + Level 13.8 Throwing
 - Level 8.0 Armour
 + Level 8.7 Dodging
 - Level 3.2 Stealth
 - Level 15.0 Spellcasting
 - Level 12.0 Hexes
 - Level 12.0 Charms
 - Level 8.8 Summonings
 - Level 11.4 Necromancy
 - Level 14.0 Air Magic


You had 17 spell levels left.
You knew the following spells:

 Your Spells              Type           Power        Failure   Level  Hunger
a - Slow                  Hex            ######..     1%          2    None
b - Cause Fear            Hex            ######....   1%          4    None
c - Vampiric Draining     Necr           ######....   1%          3    None
d - Summon Lightning Spi  Summ/Air       ######..     1%          4    None
e - Apportation           Tloc           ##....       21%         1    None
f - Deflect Missiles      Chrm/Air       ######....   16%         6    #####..
g - Airstrike             Air            ######....   1%          4    None
h - Lightning Bolt        Conj/Air       #####.....   32%         5    ####...
V - Swiftness             Chrm/Air       ######..     1%          2    None

Your spell library contained the following spells:

 Spells                   Type           Power        Failure   Level  Hunger
 Animate Skeleton         Necr           N/A          1%          1    None
 Corona                   Hex            ######.      1%          1    None
 Pain                     Necr           ####         1%          1    None
 Shock                    Conj/Air       ####         1%          1    None
 Summon Small Mammal      Summ           ####         1%          1    None
 Call Imp                 Summ           #####...     1%          2    None
 Corpse Rot               Necr/Air       N/A          1%          2    None
 Sublimation of Blood     Necr           ######....   1%          2    None
 Call Canine Familiar     Summ           #####...     1%          3    None
 Summon Guardian Golem    Hex/Summ       #####...     1%          3    None
 Animate Dead             Necr           N/A          1%          4    None
 Dispel Undead            Necr           ######..     1%          4    None
 Ensorcelled Hibernation  Hex/Ice        ####..       2%          2    None
 Shroud of Golubria       Chrm/Tloc      ####..       2%          2    None
 Silence                  Hex/Air        ######....   2%          5    ####...
 Static Discharge         Conj/Air       #####...     3%          3    None
 Excruciating Wounds      Chrm/Necr      ######....   4%          5    ####...
 Inner Flame              Hex/Fire       ####....     5%          3    None
 Portal Projectile        Hex/Tloc       ####..       5%          3    None
 Agony                    Necr           ######..     5%          5    ####...
 Leda's Liquefaction      Hex/Erth       ####......   17%         4    None
 Darkness                 Hex            ######....   22%         6    #####..
 Summon Ice Beast         Ice/Summ       ####....     32%         4    None
 Borgnjor's Vile Clutch   Necr/Erth      ####......   50%         5    ####...
 Shadow Creatures         Summ           N/A          63%         6    #####..
 Conjure Ball Lightning   Conj/Air       #####.....   87%         6    #####..
 Passage of Golubria      Tloc           N/A          90%         4    None
 Simulacrum               Ice/Necr       ####......   97%         6    #####..
 Controlled Blink         Tloc           N/A          100%        8    #######
 Tornado                  Air            ######....   100%        9    #######


Dungeon Overview and Level Annotations

Branches:
Dungeon (15/15)            Temple (0/1) D:6            Lair (6/6) D:8
 Shoals (4/4) Lair:2        Snake (4/4) Lair:2        Slime (0/5) Lair:6
    Orc (2/2) D:12            Elf (3/3) Orc:2        Vaults (2/5) D:14
 Depths (0/5) D:15        Volcano (visited)
  Crypt: Vaults:2-3

Altars:
Ashenzari
Elyvilon
Gozag
Makhleb
Okawaru
Qazlal
Ru
Sif Muna
Trog
Xom
Yredelemnul
The Shining One
Beogh

Shops:
D:4 !   D:12 *   D:15 !   Orc:2 }(%}   Shoals:2 :   Shoals:4 =   Snake:2 %(:
Snake:3 ?((*}   Snake:4 (

Portals:
Trove: D:12 (give +2 gold dragon scales)

Annotations:
D:15 1 runed translucent door
Lair:2 exclusion: 2 oklob plants
Snake:2 2 transporters, Izya's ghost, adept GnTm
Elf:2 4 runed translucent doors
Elf:3 3 exclusions


Innate Abilities, Weirdness & Mutations

You cannot drink potions while threatened.
You are missing a hand.
You cannot study or use magical devices.


Message History

Confirm with . or Enter, or press ? or * to list all spells.
Aiming: Slow (safe; 1% risk of failure)
Press: ? - help, Shift-Dir - straight line, f - vault guard
Aim: a vault guard, wielding a +0 great sword and wearing a +0 plate armour (moderately wounded, chance to defeat MR: 50%)
The vault guard resists with significant effort.
The vault guard is stunned by your will and fails to attack.
Your lightning spire shoots out a bolt of lightning at the vault guard!
The bolt of electricity hits the vault guard!
The bolt of electricity hits the vault warden!
You hit the vault guard but do no damage.
The vault guard is moderately wounded.
The vault guard barely misses you.
You hit the vault guard but do no damage.
The vault guard is moderately wounded.
You puncture the vault guard!
The vault guard is heavily wounded.
You puncture the vault guard!
The vault guard is severely wounded.
Your lightning spire shoots out a bolt of lightning at the vault guard!
The bolt of electricity hits the vault guard!
The bolt of electricity hits the vault warden!
A vault guard comes into view. It is wielding a +0 war axe.
You puncture the vault guard!
The vault guard is almost dead.
The vault warden hits you from afar with a +1 vorpal halberd!
The vault guard hits you with a +0 great sword!
You hit the vault guard.
You kill the vault guard!
The vault sentinel blows a loud note on a signal horn!
You hear two shouts! x2; You hear a shout! x2
The vault warden activates a sealing rune.
The vault sentinel begins to cast a spell, but is stunned by your will!
Things that are here:
a +0 great sword; a +0 plate armour; a human corpse You puncture the vault warden!
The vault warden is moderately wounded.
You hit the vault warden.
The vault warden is moderately wounded.
You closely miss the vault warden.
The vault warden is moderately wounded.
The vault warden barely misses you.
You hit the vault warden.
The vault warden is moderately wounded.
You hit the vault warden.
The vault warden is heavily wounded.
You hit the vault warden.
The vault warden is heavily wounded.
The vault sentinel gestures at you while chanting.
You easily resist.
The vault warden hits you with a +1 vorpal halberd!!
You feel threatened and lose the ability to drink potions!
You hit the vault warden but do no damage.
The vault warden is heavily wounded.
You hit the vault warden but do no damage.
The vault warden is heavily wounded.
You closely miss the vault warden.
The vault warden is heavily wounded.
The vault sentinel is stunned by your will and fails to attack.
You impale the vault warden!!
The vault warden is severely wounded.
The vault warden closely misses you.
You hit the vault warden.
The vault warden is severely wounded.
The vault guard hits you but does no damage.
You hit the vault warden.
The vault warden is severely wounded.
The vault sentinel barely misses you.
Your scale mail prevents you from hitting the vault warden.
The vault warden is severely wounded.
The vault warden hits you with a +1 vorpal halberd!
You are too injured to fight recklessly!
You are too injured to fight recklessly!
You are too injured to fight recklessly!
You are too injured to fight recklessly!
You are too injured to fight recklessly!
You are too injured to fight recklessly!
You are too injured to fight recklessly!
You are too injured to fight recklessly!
You are too injured to fight recklessly!
You are too injured to fight recklessly!
You are too injured to fight recklessly!
You are too injured to fight recklessly!
You impale the vault warden!!
The vault warden is almost dead.
Unknown command.
Casting: Slow (safe; 1% risk of failure)
Confirm with . or Enter, or press ? or * to list all spells.
Aiming: Vampiric Draining (safe; 1% risk of failure)
Press: ? - help, Shift-Dir - straight line, f - vault guard
Aim: a vault guard, wielding a +0 war axe, wearing a +0 plate armour and wearing a +0 kite shield The vault guard is lightly wounded.
You feel life coursing into your body. The vault guard misses you.
The vault sentinel points at you and mumbles some strange words.
You easily resist.
The vault warden hits you with a +1 vorpal halberd!!
You focus your will and illuminate the vault warden in retribution!
The vault sentinel begins to cast a spell, but is stunned by your will!
The vault warden hits you from afar with a +1 vorpal halberd!!
* * * LOW HITPOINT WARNING * * *
You die...

##### ..... ######
...... #### #....##
...... #..#
#.#...##......
#..####......'......
#....##.....pp......
#....##(...#p####
#..#...#...8@#
##......######
##.....###
#........#
##....#..###
##.#......#
####.....# #'#'#####
#........


You could see a vault warden, a vault guard, a vault sentinel and a friendly
lightning spire.

Vanquished Creatures
  A deep elf master archer (Elf:3)
  Kirke (D:12)
  10 nagarajas
  A deep elf sorcerer (Elf:2)
  3 vault wardens
  Aizul (Snake:4)
  An orc warlord (Orc:2)
  8 ironheart preservers
  A deep elf elementalist (Elf:3)
  3 stone giants (Vaults:2)
  A deep elf annihilator (Elf:2)
  2 dire elephants (Lair:6)
  3 merfolk javelineers
  An ettin (Vaults:2)
  8 merfolk impalers
  3 deep elf death magi
  A yaktaur captain (Vaults:2)
  6 centaur warriors
  A great orb of eyes (Vaults:1)
  9 hydras
  4 vault guards
  Fannar (D:12)
  16 naga warriors
  An alligator snapping turtle (Shoals:4)
  2 merfolk aquamancers (Shoals:4)
  2 ogre magi
  11 two-headed ogres
  8 death yaks
  9 anacondas
  A satyr (Shoals:4)
  14 dancing weapons
  A deep troll shaman (Vaults:2)
  A tengu warrior (D:14)
  A deep troll earth mage (Vaults:2)
  6 orc high priests (Orc:2)
  20 naga sharpshooters
  17 deep elf knights
  6 shock serpents
  A salamander mystic (Snake:3)
  A spriggan druid (Elf:2)
  12 deep trolls
  An unseen horror (Vaults:1)
  10 sea snakes
  8 deep elf archers
  4 naga ritualists
  2 wizards
  Pikel (D:4)
  The ghost of iroha the Archer, a novice CeHu of Okawaru (D:7)
  21 harpies
  4 ironbrand convokers
  5 orc knights
  2 necromancers
  9 mana vipers
  An obsidian statue (Shoals:1)
  7 orc sorcerers
  40 deep elf magi
  7 manticores
  3 cyclopes
  6 fauns
  24 ugly things
  2 large abominations (Elf:1)
  An oklob plant (Lair:4)
  5 elephants (Lair:5)
  5 salamanders
  3 guardian serpents
  6 merfolk sirens
  2 water nymphs
  3 vault sentinels
  20 naga magi
  11 spiny frogs
  25 black mambas
  A torpor snail (Lair:3)
  2 rime drakes
  2 efreet (D:13)
  6 komodo dragons
  7 yaktaurs
  A kobold demonologist (D:14)
  A freezing wraith (Vaults:1)
  A yaktaur (shapeshifter) (D:13)
  2 tengu conjurers
  12 trolls
  3 meliai (D:14)
  A tengu simulacrum (Vaults:1)
  4 wind drakes (Shoals:4)
  4 polar bears
  3 hornets
  10 blink frogs
  19 merfolk
  11 hippogriffs
  15 dream sheep
  17 slime creatures
  6 snapping turtles
  A spriggan (D:7)
  5 wraiths
  2 shadows
  21 humans
  A tarantella (shapeshifter) (D:15)
  2 wyverns (D:13)
  2 fire elementals
  10 water elementals
  2 hungry ghosts
  A basilisk (Lair:3)
  31 yaks
  Grum (D:9)
  4 hogs (D:12)
  5 vampire mosquitoes
  Eustachio (D:4)
  8 wargs
  47 nagas
  An acid dragon (D:15)
  Edmund (D:4)
  14 water moccasins
  10 porcupines
  2 black bears
  A meliai simulacrum (D:14)
  2 phantoms
  41 orc warriors
  6 ice beasts
  2 sky beasts
  3 eyes of draining
  A slave (D:5)
  3 boggarts (Vaults:1)
  27 ogres
  8 wolves
  20 centaurs
  12 crocodiles
  5 elf zombies (Elf:1)
  A big kobold (D:10)
  14 bullfrogs
  3 wyvern zombies
  A water moccasin zombie (D:8)
  11 jellies
  4 scorpions
  15 killer bees
  An orc simulacrum (Vaults:1)
  17 wights
  2 electric eels (Lair:2)
  3 bullfrog zombies
  3 centaur zombies
  4 crimson imps
  4 howler monkeys
  A quasit (D:10)
  3 hounds
  28 orc priests
  5 bullfrog skeletons
  10 centaur skeletons
  A gnoll shaman (D:5)
  Natasha (D:3)
  Ijyb (D:5)
  3 iguanas
  4 hell rats (D:8)
  22 orc wizards
  10 worker ants
  A bullfrog simulacrum (D:9)
  2 hound zombies
  A hound skeleton (D:8)
  A howler monkey zombie (D:7)
  2 worker ant zombies
  12 adders
  11 gnolls
  2 howler monkey skeletons
  A river rat (D:8)
  A shadow imp (D:6)
  A white imp (D:9)
  2 oozes (Lair:6)
  An adder zombie (D:8)
  2 adder skeletons
  4 worms
  3 dart slugs
  An adder simulacrum (D:9)
  4 leopard geckos
  83 orcs
  3 ball pythons
  4 bats
  5 giant cockroaches
  5 goblins
  8 hobgoblins
  14 jackals
  14 kobolds
  6 quokkas
  2 frilled lizards (D:5)
  A jackal skeleton (D:4)
  A jackal zombie (D:8)
  A leopard gecko skeleton (D:5)
  2 quokka zombies
  2 rats
  2 fungi
  21 plants
1268 creatures vanquished.

Vanquished Creatures (collateral kills)
  Jorgrun (D:15)
  A vault warden (Vaults:1)
  A stone giant (Orc:1)
  A dire elephant (Lair:6)
  A deep elf annihilator (Elf:2)
  An ettin (D:14)
  2 merfolk javelineers (Shoals:4)
  3 merfolk impalers
  3 merfolk aquamancers
  A merfolk avatar (Shoals:3)
  2 two-headed ogres
  A satyr (Shoals:3)
  A naga ritualist (Snake:1)
  2 harpies
  A deep elf mage (Elf:2)
  An ironbrand convoker (Vaults:1)
  7 fauns
  3 ugly things
  A moth of wrath (shapeshifter) (Vaults:2)
  A salamander (Snake:3)
  3 manticores (Shoals:3)
  3 merfolk sirens
  A water nymph (Shoals:3)
  2 black mambas
  A yaktaur (D:15)
  2 merfolk
  A wind drake (Shoals:3)
  A hornet (Lair:5)
  3 snapping turtles
  A water elemental (Shoals:4)
  2 nagas
  A water moccasin (Lair:5)
  An ogre (Vaults:1)
  An orc wizard (Vaults:2)
58 creatures vanquished.

Vanquished Creatures (others)
  A merfolk impaler (Shoals:3)
  A rakshasa (Vaults:1)
  A merfolk aquamancer (Shoals:4)
  A satyr (Shoals:1)
  2 deep elf knights
  A deep troll (Vaults:1)
  A harpy (Shoals:3)
  A naga ritualist (Snake:4)
  A yaktaur (Vaults:2)
  A merfolk (Shoals:4)
  A polar bear (Lair:6)
  A blink frog (Lair:3)
  5 dream sheep (D:8)
  A hippogriff (D:7)
  A naga (Snake:4)
  A water moccasin (Lair:3)
  An orc warrior (D:11)
  2 ogres (D:11)
  A centaur (D:11)
  A bullfrog (D:9)
  A howler monkey (D:11)
  A hound (D:9)
  2 orc priests
  2 iguanas (D:11)
  3 orcs
  A goblin (D:3)
  13 fungi
  13 plants
  4 tentacles (Shoals:4)
66 creatures vanquished.

Grand Total: 1392 creatures vanquished

Notes
Turn   | Place    | Note
-------+----------+-------------------------------------------
     0 | D:1      | EnegeticOcto the Deep Elf Monk began the quest for the Orb.
     0 | D:1      | Reached XP level 1. HP: 13/13 MP: 3/3
   326 | D:1      | Reached XP level 2. HP: 16/18 MP: 4/4
  1400 | D:2      | Reached XP level 3. HP: 22/23 MP: 5/5
  1465 | D:2      | Reached skill level 1 in Armour
  2239 | D:2      | Reached XP level 4. HP: 25/28 MP: 6/6
  2966 | D:2      | Reached XP level 5. HP: 32/32 MP: 7/7
  3240 | D:3      | Found a sacrificial altar of Ru.
  3254 | D:3      | Became a worshipper of Ru the Awakened
  3258 | D:3      | Gained mutation: You cannot study or use magical devices.
                  | [Ru sacrifice]
  3258 | D:3      | Reached * piety under Ru
  3258 | D:3      | Reached ** piety under Ru
  3512 | D:3      | Found a basalt altar of Yredelemnul.
  3513 | D:3      | Found an iron altar of Okawaru.
  3513 | D:3      | Found a white marble altar of Elyvilon.
  4235 | D:4      | Noticed an ogre
  4247 | D:4      | Killed an ogre
  4247 | D:4      | Reached XP level 6. HP: 7/37 MP: 8/8
  4669 | D:4      | Noticed Edmund
  4689 | D:4      | Killed Edmund
  4809 | D:4      | Found Kumooj's Distillery.
  4812 | D:4      | Bought a potion of curing for 42 gold pieces
  4812 | D:4      | Bought a potion of invisibility for 112 gold pieces
  4888 | D:4      | Reached skill level 5 in Short Blades
  4888 | D:4      | Reached XP level 7. HP: 36/42 MP: 9/9
  5303 | D:4      | Noticed Natasha
  5416 | D:3      | Killed Natasha
  5636 | D:5      | Entered Level 5 of the Dungeon
  5639 | D:5      | Noticed Eustachio
  5652 | D:5      | Noticed Ijyb
  5701 | D:5      | Killed Ijyb
  6103 | D:5      | Reached XP level 8. HP: 39/48 MP: 10/10
  6214 | D:5      | Reached skill level 5 in Fighting
  6343 | D:5      | Gained mutation: You cannot drink potions while threatened.
                  | [Ru sacrifice]
  6343 | D:5      | Reached *** piety under Ru
  6473 | D:5      | Found a shimmering blue altar of Sif Muna.
  7408 | D:5      | Noticed Pikel
  7436 | D:4      | Killed Pikel
  7829 | D:6      | Got a pitted war axe
  7830 | D:6      | Identified the +6 war axe of Poverty {antimagic, Str+2
                  | Int-5 Dex+4} (You found it on level 6 of the Dungeon)
  8400 | D:6      | Reached XP level 9. HP: 23/56 MP: 11/11
  9350 | D:6      | Found a staircase to the Ecumenical Temple.
  9485 | D:7      | Noticed iroha's ghost (novice CeHu)
  9486 | D:7      | Found a runed translucent door.
  9567 | D:7      | Gained mutation: You are missing a hand. [Ru sacrifice]
  9567 | D:7      | Reached **** piety under Ru
  9567 | D:7      | Reached ***** piety under Ru
  9567 | D:7      | Reached ****** piety under Ru
 10190 | D:7      | Found an opulent altar of Gozag.
 10449 | D:7      | Reached skill level 5 in Dodging
 10939 | D:8      | Found a shimmering altar of Xom.
 11145 | D:8      | Noticed a death yak
 11152 | D:8      | Noticed a death yak
 11155 | D:8      | Noticed a death yak
 11159 | D:8      | Killed a death yak
 11159 | D:8      | Reached XP level 10. HP: 62/64 MP: 12/12
 11161 | D:8      | Killed a death yak
 11163 | D:8      | Killed a death yak
 11163 | D:8      | Reached skill level 10 in Short Blades
 11358 | D:8      | Found a staircase to the Lair.
 12054 | D:4      | Killed Eustachio
 12061 | D:4      | Bought a potion of invisibility for 112 gold pieces
 12061 | D:4      | Bought a potion of resistance for 140 gold pieces
 12201 | D:9      | Noticed a two-headed ogre
 12687 | D:9      | Noticed Grum
 12689 | D:9      | Killed Grum
 12772 | D:9      | Found a burning altar of Makhleb.
 13118 | D:9      | Killed a two-headed ogre
 13406 | D:9      | Reached XP level 11. HP: 69/71 MP: 13/13
 13435 | D:9      | Found an opulent altar of Gozag.
 13518 | D:9      | Learned a level 2 spell: Slow
 13523 | D:9      | Learned a level 4 spell: Cause Fear
 13684 | D:10     | Entered Level 10 of the Dungeon
 13887 | D:10     | Reached skill level 1 in Spellcasting
 13897 | D:10     | Reached skill level 1 in Hexes
 14613 | D:10     | Reached skill level 2 in Spellcasting
 15299 | D:10     | Reached skill level 3 in Spellcasting
 16044 | D:10     | Reached skill level 4 in Spellcasting
 16772 | D:11     | You fall into a shaft and drop 1 floor!
 16772 | D:12     | Found a staircase to the Orcish Mines.
 16772 | D:12     | Noticed a deep elf mage
 16773 | D:12     | Killed a deep elf mage
 16773 | D:12     | Reached skill level 5 in Spellcasting
 16773 | D:12     | Reached skill level 5 in Hexes
 16784 | D:12     | Noticed a cyan ugly thing
 16859 | D:12     | Found a portal to a secret trove of treasure.
 16978 | D:12     | Found Ifuss's Assorted Antiques.
 17011 | D:12     | Bought a scroll labeled NOC FYUSOAGU for 34 gold pieces
 17213 | D:12     | Noticed Kirke
 17499 | D:11     | Reached skill level 10 in Fighting
 17651 | D:11     | Reached skill level 6 in Spellcasting
 18041 | D:11     | Found a shimmering altar of Xom.
 18980 | Lair:1   | Entered Level 1 of the Lair of Beasts
 19054 | Lair:1   | Learned a level 3 spell: Vampiric Draining
 19096 | Lair:1   | Found a dark tunnel.
 19245 | Volcano  | Entered a volcano
 19284 | Volcano  | Noticed a centaur warrior
 19294 | Volcano  | Killed a centaur warrior
 19294 | Volcano  | Reached XP level 12. HP: 22/77 MP: 17/24
 19302 | Volcano  | Reached skill level 7 in Spellcasting
 20549 | Lair:2   | Found a staircase to the Shoals.
 20792 | Lair:2   | Upgraded the game from 0.25-a0-578-gc91f01c39c to
                  | 0.25-a0-583-g696c2ac64d
 21972 | Lair:2   | Found a shattered altar of Ashenzari.
 22010 | Lair:2   | Noticed a seven-headed hydra
 22018 | Lair:2   | Killed a seven-headed hydra
 22383 | Lair:2   | Found a staircase to the Snake Pit.
 22687 | Lair:2   | Reached skill level 10 in Hexes
 25006 | Lair:3   | Reached XP level 13. HP: 78/85 MP: 21/25
 25019 | Lair:3   | Reached skill level 1 in Necromancy
 25522 | Lair:4   | Reached skill level 8 in Spellcasting
 26148 | Lair:4   | Identified the +10 falchion "Iwka Qom" {freeze, rN+ MR+
                  | MP+9 Str-5} (You found it on level 4 of the Lair of Beasts)
 27069 | Lair:5   | Identified the cursed +3 falchion "Otsaag" {pain, *Corrode
                  | rElec Str+4} (You found it on level 5 of the Lair of
                  | Beasts)
 27180 | Lair:5   | Paralysed by a hornet for 1 turns
 27200 | Lair:5   | Reached skill level 5 in Armour
 28405 | Lair:5   | Reached skill level 9 in Spellcasting
 28651 | Lair:5   | Reached skill level 5 in Necromancy
 29405 | Lair:6   | Entered Level 6 of the Lair of Beasts
 30047 | Lair:6   | Found a burning altar of Makhleb.
 31087 | Lair:6   | Found a staircase to the Slime Pits.
 31296 | Lair:6   | Reached skill level 10 in Spellcasting
 32302 | D:12     | Found a stormy altar of Qazlal.
 32321 | D:12     | Noticed Fannar
 32325 | D:12     | Killed Kirke
 32458 | D:12     | Reached XP level 14. HP: 89/92 MP: 30/30
 32464 | D:12     | Killed Fannar
 33838 | D:12     | Reached skill level 11 in Spellcasting
 35122 | D:13     | Learned a level 4 spell: Summon Lightning Spire
 35366 | D:13     | Reached skill level 1 in Summonings
 35758 | D:13     | Reached skill level 1 in Air Magic
 36093 | D:13     | Identified the +10 war axe of Nemogguz {vamp, *Contam
                  | Int+6} (You found it on level 13 of the Dungeon)
 38232 | D:14     | Reached skill level 12 in Spellcasting
 39081 | D:14     | Learned a level 1 spell: Apportation
 39085 | D:14     | Found a gate to the Vaults.
 39337 | D:15     | Entered Level 15 of the Dungeon
 39395 | Orc:1    | Entered Level 1 of the Orcish Mines
 39773 | Orc:2    | Entered Level 2 of the Orcish Mines
 40553 | Orc:1    | Noticed a stone giant
 41475 | Orc:2    | Found a roughly hewn altar of Beogh.
 41847 | Orc:2    | Found Jocwiqij's Food Boutique.
 42137 | Orc:2    | Found Allac's Gadget Shop.
 42164 | Orc:2    | Reached skill level 5 in Summonings
 42373 | Orc:2    | Reached XP level 15. HP: 95/96 MP: 30/33
 42492 | Orc:2    | Reached skill level 10 in Necromancy
 43533 | Orc:2    | Reached skill level 5 in Air Magic
 43611 | Orc:2    | Identified the Guide on Unholy Dislocation
 43677 | Orc:2    | Found a staircase to the Elven Halls.
 44098 | Orc:2    | Noticed an orc warlord
 44101 | Orc:2    | Found a roughly hewn altar of Beogh.
 44110 | Orc:2    | Killed an orc warlord
 44695 | Orc:2    | Found Nooch's Weapon Emporium.
 44810 | Orc:2    | Found Joucanon's Gadget Shoppe.
 45817 | D:15     | Found a bloodstained altar of Trog.
 47037 | D:15     | Found Oraoz's Distillery.
 47050 | D:15     | Bought a potion of haste for 140 gold pieces
 47050 | D:15     | Bought a potion of haste for 140 gold pieces
 47477 | D:15     | Found a staircase to the Depths.
 47639 | D:15     | Found a glowing golden altar of the Shining One.
 47640 | D:15     | Found a runed translucent door.
 47756 | D:15     | Noticed Jorgrun
 47770 | D:15     | Killed Jorgrun
 48978 | Shoals:1 | Entered Level 1 of the Shoals
 50903 | Shoals:1 | Upgraded the game from 0.25-a0-583-g696c2ac64d to
                  | 0.25-a0-589-g1e14c549ee
 51659 | Shoals:1 | HP: 4/96 [poisoned by a merfolk]
 52304 | Shoals:1 | Learned a level 6 spell: Deflect Missiles
 52633 | Shoals:2 | Reached skill level 1 in Charms
 53780 | Shoals:2 | Found Jealirph's Book Shoppe.
 53796 | Shoals:2 | Identified a scroll of acquirement
 53797 | Shoals:2 | Identified the Reference Book on Contamination and Arcane
                  | Weapons (You acquired it on level 2 of the Shoals)
 53806 | Shoals:2 | Bought a book of Air for 560 gold pieces
 53809 | Shoals:2 | Learned a level 2 spell: Swiftness
 53814 | Shoals:2 | Learned a level 4 spell: Airstrike
 53820 | Shoals:2 | Learned a level 5 spell: Lightning Bolt
 54562 | Shoals:2 | Reached skill level 13 in Spellcasting
 54562 | Shoals:2 | Reached XP level 16. HP: 96/101 MP: 24/35
 56044 | Shoals:3 | Reached skill level 5 in Charms
 56220 | Shoals:3 | HP: 4/101 [merfolk/boomerang (5)]
 57683 | Shoals:4 | Entered Level 4 of the Shoals
 59638 | Elf:1    | Entered Level 1 of the Elven Halls
 59909 | D:7      | Killed iroha's ghost
 61427 | Shoals:4 | Reached skill level 14 in Spellcasting
 62166 | Shoals:4 | Found Pulena's Jewellery Shoppe.
 63596 | Shoals:4 | Found a stormy altar of Qazlal.
 63641 | Shoals:4 | Reached skill level 10 in Air Magic
 64705 | Shoals:4 | Noticed a kraken
 64862 | Shoals:4 | Got a barnacled rune of Zot
 64884 | Shoals:4 | Bought the ring of Zawyel {Fire rPois Str+4 Stlth+} for 853
                  | gold pieces
 65013 | Snake:1  | Entered Level 1 of the Snake Pit
 67045 | Snake:2  | Reached skill level 15 in Spellcasting
 67045 | Snake:2  | Reached skill level 10 in Charms
 67090 | Snake:2  | Found Kotuw's Book Shoppe.
 67092 | Snake:2  | Found Nudgheh's Weapon Emporium.
 67097 | Snake:2  | Found Lilaph's Food Shoppe.
 67197 | Snake:2  | Reached XP level 17. HP: 106/106 MP: 38/38
 67267 | Snake:2  | Noticed Izya's ghost (adept GnTm)
 67274 | Snake:2  | Found a transporter.
 67286 | Snake:2  | Found a transporter.
 67716 | Snake:2  | Identified the +10 war axe of Hepliaklqana's Delight
                  | {vorpal, Int+5} (You found it on level 2 of the Snake Pit)
 68533 | Snake:3  | Found an iron altar of Okawaru.
 68961 | Snake:3  | Found Fuamuss's Weapon Shop.
 68993 | Snake:3  | Found Sacek's Antique Weapon Boutique.
 69395 | Snake:3  | Found Qewanod's General Store.
 69406 | Snake:3  | Found Kimnoskedd's Gadget Boutique.
 69474 | Snake:3  | Found Wuqan's Magic Scroll Shoppe.
 69478 | Snake:3  | Bought a scroll of blinking for 120 gold pieces
 69478 | Snake:3  | Bought a scroll of teleportation for 48 gold pieces
 69478 | Snake:3  | Bought a scroll of teleportation for 48 gold pieces
 69801 | Snake:4  | Entered Level 4 of the Snake Pit
 69826 | Snake:4  | Found Niogge's Weapon Shoppe.
 69834 | Snake:4  | Noticed Aizul
 70078 | Snake:4  | Found a glowing golden altar of the Shining One.
 70175 | Snake:4  | Killed Aizul
 70247 | Snake:4  | Reached skill level 1 in Throwing
 72979 | Snake:4  | Reached XP level 18. HP: 112/112 MP: 34/39
 73079 | Snake:4  | Reached skill level 5 in Throwing
 73566 | Snake:4  | Got a serpentine rune of Zot
 74856 | Elf:1    | Identified the Volume of Dark Arts
 77336 | Elf:2    | Found a large runed translucent door.
 77336 | Elf:2    | Found a large runed translucent door.
 77389 | Elf:2    | Found a large runed translucent door.
 77389 | Elf:2    | Found a large runed translucent door.
 77657 | Vaults:1 | Entered Level 1 of the Vaults
 77917 | Vaults:1 | Found a flickering gateway to a bazaar.
 77945 | Bazaar   | Entered a bazaar
 77945 | Bazaar   | Found Jeghaj's Weapon Boutique.
 77945 | Bazaar   | Found Jofasu's Distillery.
 77945 | Bazaar   | Found Moppuocw's Weapon Shoppe.
 78044 | Bazaar   | Found Bihitromp's Distillery.
 78044 | Bazaar   | Found Woejauvvar's Antique Armour Shop.
 78085 | Bazaar   | Bought a pair of runed gloves for 247 gold pieces
 78085 | Bazaar   | Bought a jewelled leather armour for 231 gold pieces
 78085 | Bazaar   | Identified the +1 leather armour of the City {rC+ Dex+5}
                  | (You bought it in a shop in a bazaar)
 78101 | Bazaar   | Bought a potion of haste for 110 gold pieces
 78109 | Bazaar   | Bought a potion of cancellation for 72 gold pieces
 78372 | Vaults:1 | Reached skill level 10 in Throwing
 78945 | Elf:3    | Entered Level 3 of the Elven Halls
 80470 | Vaults:1 | Reached XP level 19. HP: 108/116 MP: 35/40
 84119 | Vaults:2 | Slain by a vault warden

Levels and vault maps discovered:
D:1:      minmay_arrival_diagonal_passages, layout_loops_ring,
          minmay_tree_intersection
D:2:      layout_basic, first_ration, minmay_cut_off
D:3:      layout_basic, lemuel_crystal_altar, grunt_temple_overflow_open
D:4:      layout_rooms, serial_shops, shop_statue, kennysheep_small_spiral,
          dk_rats_in_the_wall, uniq_edmund, uniq_natasha
D:5:      layout_gridville, old_standard_altar, uniq_eustachio, uniq_ijyb,
          uniq_pikel
D:6:      layout_loops_cross, temple_statues, amethyst_killhole
D:7:      layout_cave_pools, lemuel_crystal_altar,
          hellmonk_ghost_happy_afterlife, the_bakery, nrook_mini_vaults
D:8:      layout_basic, dpeg_lair_monsters, kb_xom_exploding_sheep
D:9:      layout_roguey, overflow_temple_1_default, serial_ice, serial_ice_i,
          serial_ice_d, serial_ice_m, serial_ice_b, serial_ice_g, serial_ice_n,
          corexii_hall_statues_u, grunt_gozag_breadcrumbs, uniq_grum
D:10:     layout_irregular_city
D:11:     layout_big_octagon, basic_altar, lemuel_nasty_fountain
D:12:     layout_roguey, minmay_orc_entry_guard_dogs, serial_shops,
          nicolae_shop_trees, trove_entry_hex_spiral,
          nicolae_qazlal_general_emergency, uniq_kirke, uniq_fannar
D:13:     layout_roguey
D:14:     layout_basic, grunt_vaults_entry_tiered,
          hangedman_abyss_or_decor_lesser_grid
D:15:     hangedman_depths_entry_civil_slaughter, layout_cave_pods,
          serial_shops, nicolae_shop_window_shopping, basic_altar,
          serial_park_tiny_pond, lemuel_angel_altar, uniq_jorgrun
Lair:1:   layout_loops_ring, nicolae_volcano_entry_lava_flow, lemuel_fruit_tree
Lair:2:   layout_gridlike, elwin_shoals_entry_stream, dummy_snake_entry,
          basic_altar, minmay_lair_oklob_chamber
Lair:3:   layout_chaotic_city, nzn_random_ring, grunt_megastairs_5
Lair:4:   layout_cave_pods, grunt_megastairs_2
Lair:5:   layout_cave_pods, beast_lair_carwin_10, lemuel_fruit_fields
Lair:6:   due_jungle_book, layout_loops_ring, nicolae_slime_entry_slimehenge,
          basic_altar, st_stairs_12
Shoals:1: cheibrodos_shoals_oceanic_diplomacy, layout_shoals,
          nicolae_shoals_cliffside_cave, dpeg_stationary_puzzle
Shoals:2: layout_shoals, serial_shops, shop_fountains
Shoals:3: layout_shoals
Shoals:4: shoals_end_simple, layout_shoals, serial_shops, shop_statue,
          lemuel_centaur_altar
Snake:1:  layout_gridlike, nicolae_snake_linked_coils, abandoned_shop
Snake:2:  layout_rooms, gammafunk_ghost_arena, minmay_shop_star
Snake:3:  layout_misc_corridors, serial_shops, nicolae_shop_crystal,
          shop_statue, shop_statue, nicolae_shop_behind_doors,
          nicolae_shop_window_shopping, basic_altar, grunt_ministairs_13,
          drop_trap, serial_bayou_shore_b
Snake:4:  snake_pit, layout_onion, serial_shops, shop, basic_altar, uniq_aizul
Orc:1:    layout_caves
Orc:2:    pubby_orc_utopia
Elf:1:    minmay_elf_arrival_summoners, layout_geoelf_grid,
          minmay_elf_necromancy
Elf:2:    layout_geoelf_octagon, kilobyte_rumbling_trees, uniq_nikola
Elf:3:    minmay_elf_hall_x, layout_geoelf_octagon
Vaults:1: v_rooms_3, hangedman_vaults_stagger, vaults_room_boxed,
          nicolae_vaults_circle_grid_a, hangedman_vaults_cutoff,
          nicolae_vaults_three_branches, nicolae_vaults_circle_grid_b,
          v_rooms_5, v_misc_13, nicolae_vaults_rhombus_6, v_alt_pattern_4,
          ontoclasm_vaults_gateway, layout_vaults_big_cross, serial_shops,
          bzr_entry_gold
Vaults:2: v_pattern_1, dpeg_vaults_monster_box, ontoclasm_vaults_tryst,
          nicolae_vaults_murderbox, nicolae_vaults_big_angled_halls, v_misc_14,
          vaults_room_fours, v_alt_pattern_4, v_misc_13,
          hangedman_vaults_corner_blocks, nicolae_vaults_ring_of_whatevers,
          hangedman_vaults_stream, nicolae_vaults_ring_of_whatevers, v_misc_30,
          vaults_dpeg_diagonal, layout_vaults_maze_snakey

Skill      XL: |  1  2  3  4  5  6  7  8  9 10 11 12 13 14 15 16 17 18 19 |
---------------+----------------------------------------------------------+-----
Stealth        | 3 |  3.2
Fighting       | 3 4 6 7 9 10 11 12 | 12.2
Armour         | 2 3 4 6 8 |  8.0
Short Blades   | 4 5 6 8 9 11 12 14 | 14.0
Dodging        | 6 7 8 |  8.7
Spellcasting   | 6 7 10 12 13 15 | 15.0
Hexes          | 6 11 12 | 12.0
Necromancy     | 7 9 11 | 11.4
Summonings     | 5 8 |  8.8
Air Magic      | 4 8 10 12 14 | 14.0
Charms         | 3 10 12 | 12.0
Throwing       | 4 11 13 | 13.8

Action                   |  1- 3 |  4- 6 |  7- 9 | 10-12 | 13-15 | 16-18 | 19-21 || total
-------------------------+-------+-------+-------+-------+-------+-------+-------++-------
Melee: Short sword       |   169 |   157 |   446 |  1092 |  2550 |   474 |       ||  4888
       Unarmed           |       |       |     9 |       |       |       |       ||     9
       Falchion          |       |       |       |       |     4 |       |       ||     4
       Scimitar          |       |       |       |       |     3 |       |       ||     3
       Rapier            |       |       |       |       |       |  1647 |   524 ||  2171
       Staff             |       |       |       |       |       |     1 |       ||     1
 Fire: Shortbow          |       |       |    26 |       |       |       |       ||    26
Throw: Dart              |    27 |    34 |    30 |    88 |    89 |       |       ||   268
       Javelin           |       |       |       |       |       |       |     5 ||     5
 Cast: Slow              |       |       |       |    58 |   246 |   122 |    23 ||   449
       Cause Fear        |       |       |       |       |    22 |     9 |     2 ||    33
       Vampiric Draining |       |       |       |       |    59 |    39 |    25 ||   123
       Summon Lightning  |       |       |       |       |    36 |    63 |    16 ||   115
       Apportation       |       |       |       |       |     1 |    17 |       ||    18
       Airstrike         |       |       |       |       |       |   102 |     6 ||   108
       Deflect Missiles  |       |       |       |       |       |    18 |       ||    18
Invok: Sacrifice Artific |       |     1 |       |       |       |       |       ||     1
       Draw Out Power    |       |       |     2 |     1 |     2 |     2 |       ||     7
       Sacrifice Drink   |       |       |     1 |       |       |       |       ||     1
       Power Leap        |       |       |     1 |    16 |    23 |    16 |       ||    56
       Apocalypse        |       |       |     1 |     7 |    13 |     4 |       ||    25
       Sacrifice a Hand  |       |       |     1 |       |       |       |       ||     1
  Use: Scroll            |     5 |     3 |    12 |    11 |    23 |    16 |       ||    70
       Potion            |     1 |       |     2 |     2 |     4 |     2 |       ||    11
 Stab: Distracted        |       |     1 |     2 |     4 |    19 |    16 |     3 ||    45
       Sleeping          |       |       |     4 |       |       |     5 |       ||     9
       Invisible         |       |       |     5 |     9 |    24 |    14 |     1 ||    53
       Paralysed         |       |       |       |    20 |    27 |    12 |       ||    59
  Eat: Chunk             |     3 |     6 |    20 |    28 |    52 |    30 |     7 ||   146
       Ration            |     1 |       |       |     6 |    13 |    18 |     1 ||    39
Armor: Chain mail        |   127 |    74 |   181 |   248 |   339 |       |       ||   969
       Skin              |       |       |    20 |       |       |       |       ||    20
       Scale mail        |       |       |       |       |   244 |   311 |    60 ||   615
Dodge: Dodged            |    46 |    22 |   104 |   218 |   719 |   633 |   141 ||  1883
       Deflected         |       |       |       |       |       |   152 |    12 ||   164
       Rpst.: Falchion   |       |       |       |       |     1 |       |       ||     1

Table legend:
 A = Non-vault XP
 B = Vault XP
 C = Vault XP percentage of total XP
 D = Non-vault monster count
 E = Vault monster count
 F = Vault count percentage of total count
                 A         B        C        D         E       F
            +---------+---------+-------+---------+---------+-------
      Total |  273109 |  163021 |  37.4 |     885 |     436 |  33.0
            +---------+---------+-------+---------+---------+-------
        D:1 |      29 |       0 |   0.0 |      12 |       0 |   0.0
        D:2 |     152 |      17 |  10.1 |      31 |       3 |   8.8
        D:3 |      75 |      37 |  33.0 |      14 |       1 |   6.7
        D:4 |     365 |     989 |  73.0 |      14 |       3 |  17.6
        D:5 |     931 |      36 |   3.7 |      28 |       1 |   3.4
        D:6 |     791 |       0 |   0.0 |      19 |       0 |   0.0
        D:7 |     879 |     865 |  49.6 |      14 |       2 |  12.5
        D:8 |     566 |    2953 |  83.9 |      27 |      11 |  28.9
        D:9 |    2128 |     869 |  29.0 |      17 |       9 |  34.6
       D:10 |    5142 |       0 |   0.0 |      56 |       0 |   0.0
       D:11 |    4059 |       0 |   0.0 |      33 |       0 |   0.0
       D:12 |    8501 |    4400 |  34.1 |      37 |       9 |  19.6
       D:13 |    7030 |     381 |   5.1 |      26 |       2 |   7.1
       D:14 |    8070 |    9039 |  52.8 |      26 |      26 |  50.0
       D:15 |    7050 |    4423 |  38.6 |      23 |       4 |  14.8
     Lair:1 |    1171 |       0 |   0.0 |       5 |       0 |   0.0
     Lair:2 |    6932 |    1782 |  20.4 |      34 |       5 |  12.8
     Lair:3 |    3741 |    2515 |  40.2 |      16 |      13 |  44.8
     Lair:4 |    5044 |    4595 |  47.7 |      15 |       7 |  31.8
     Lair:5 |    3926 |    2954 |  42.9 |      14 |       9 |  39.1
     Lair:6 |    7373 |    1174 |  13.7 |      23 |       9 |  28.1
   Shoals:1 |    5473 |    4655 |  46.0 |      12 |      11 |  47.8
   Shoals:2 |   11595 |       0 |   0.0 |      30 |       0 |   0.0
   Shoals:3 |   12886 |    4100 |  24.1 |      34 |       6 |  15.0
   Shoals:4 |    7905 |   16660 |  67.8 |      16 |      33 |  67.3
    Snake:1 |   14565 |       0 |   0.0 |      30 |       0 |   0.0
    Snake:2 |   19110 |       0 |   0.0 |      37 |       0 |   0.0
    Snake:3 |   16922 |    2772 |  14.1 |      26 |       4 |  13.3
    Snake:4 |   18222 |   27542 |  60.2 |      40 |      42 |  51.2
      Orc:1 |    2115 |     251 |  10.6 |      21 |       5 |  19.2
      Orc:2 |     659 |   20121 |  96.8 |       8 |     143 |  94.7
      Elf:1 |   18106 |    5929 |  24.7 |      28 |      15 |  34.9
      Elf:2 |   20401 |    5095 |  20.0 |      30 |       8 |  21.1
      Elf:3 |    8629 |    4997 |  36.7 |      13 |       3 |  18.8
   Vaults:1 |   22606 |   16128 |  41.6 |      44 |      25 |  36.2
   Vaults:2 |   19960 |   16171 |  44.8 |      32 |      23 |  41.8
    Volcano |       0 |    1571 | 100.0 |       0 |       4 | 100.0
            +---------+---------+-------+---------+---------+-------
